 Dungeon Crawl Stone Soup version 0.31-a0-167-g1c394c0614 (webtiles) character file.

Game seed: 2298815174265083082

5737 qw the Skirmisher (level 10, 0/96 HPs)
             Began as a Naga Hunter on June 14, 2023.
             Was a Follower of Okawaru.
             Slain by a water moccasin (7 damage)
             ... on level 9 of the Dungeon.
             The game lasted 00:02:52 (6749 turns).

qw the Skirmisher (Naga Hunter)                     Turns: 6749, Time: 00:02:53

Health: 0/96       AC:  7    Str: 13    XL:     10   Next: 77%
Magic:  13/13      EV: 15    Int: 10    God:    Okawaru [*.....]
Gold:   290        SH:  0    Dex: 19    Spells: 9/9 levels left

rFire   + . .        n - +3 hand crossbow (heavy)
rCold   . . .        (no shield)
rNeg    . . .        p - +1 robe {Will+}
rPois   +            q - +0 mask of the Dragon {Will+ Slay+3 SInv}
rElec   .            (no cloak)
rCorr   .            c - +0 pair of gloves
SInv    +            (no barding)
Will    +++..        d - amulet of regeneration
Stlth   ++++         f - ring of protection from fire
HPRegen 1.16/turn    (no ring)
MPRegen 0.13/turn

%: no passive effects
@: lethally poisoned (0 -> -2), heroic, very slow
A: AC +3, large, see invisible, deformed body, poison resistance, slowness 2,
spit poison 1, naga tail 1
a: Spit Poison, Renounce Religion, Heroism


You were on level 9 of the Dungeon.
You worshipped Okawaru.
Okawaru was aware of your devotion.
You visited 2 branches of the dungeon, and saw 10 of its levels.

You collected 581 gold pieces.
You spent 291 gold pieces at shops.


Innate Abilities, Weirdness & Mutations

Your serpentine skin is tough. (AC +3)
You have supernaturally acute eyesight. (SInv)
Armour fits poorly on your strangely shaped body.
Your system is resistant to poisons. (rPois)
You cover ground very slowly.
You can spit poison.
You have a snake-like lower body.


   Skills:
 - Level 8.1(13.1) Fighting
 + Level 11.8(16.8) Ranged Weapons
 - Level 1.1(6.1) Armour
 - Level 4.0(9.0) Dodging
 - Level 1.5(6.5) Stealth
 - Level 4.0 Invocations


You had 9 spell levels left.
You didn't know any spells.
Your spell library was empty.

Inventory:

Hand Weapons
 n - a +3 heavy hand crossbow (weapon)
Armour
 c - a +0 pair of gloves (worn)
 o - a +2 helmet
 p - a +1 robe of willpower (worn)
 q - the +0 mask of the Dragon (worn) {Will+ Slay+3 SInv}
   (You found it on level 8 of the Dungeon)

   Slay:      It affects your accuracy & damage with ranged weapons and melee
   (+3).
   SInv:      It lets you see invisible.
   Will:      It increases your willpower.
Jewellery
 d - an amulet of regeneration (around neck)
 f - a ring of protection from fire (left hand)
 h - a ring of ice
Wands
 k - a wand of digging (14)
Scrolls
 j - 4 scrolls of identify
Potions
 b - 5 potions of might
 g - 3 potions of haste
 i - 7 potions of curing

Dungeon Overview and Level Annotations

Branches:
Dungeon (9/15)             Temple (1/1) D:7
   Lair: D:8-11         Orc: D:9-12

Altars:
Ashenzari
Cheibriados
Dithmenos
Elyvilon
Fedhas
Gozag
Hepliaklqana
Kikubaaqudgha
Makhleb
Nemelex Xobeh
Okawaru
Qazlal
Ru
Sif Muna
Trog
Uskayaw
Vehumet
Wu Jian
Xom
Yredelemnul
The Shining One

Shops:
D:4 =((*   D:6 !

Annotations:
D:8 1 runed translucent door, qw's ghost, novice GrFi


Message History

You shoot a bolt.
The bolt closely misses the water moccasin.
You feel sick.
The water moccasin bites you but does no damage.
A wyvern comes into view.
The water moccasin closely misses you.
You shoot a bolt.
The bolt closely misses the water moccasin.
The wyvern hisses angrily.
You feel very sick. The water moccasin bites you. The basilisk gazes at you.
You resist with almost no effort.
The water moccasin completely misses you.
The basilisk gazes at you. You resist with almost no effort.
You shoot a bolt. The bolt misses the water moccasin.
You feel sick. The water moccasin bites you!
You are more poisoned.
The water moccasin poisons you! The water moccasin misses you.
6747 ||| INVOKING Spit Poison.
Aiming: Spit Poison (1% risk of failure)
Press: ? - help, Shift-Dir - straight line, f - basilisk, p - water moccasin The splash of poison hits the basilisk.
The basilisk is poisoned.
The basilisk is lightly wounded.
You feel very sick. The water moccasin bites you.
You shoot a bolt. The bolt hits the wyvern!
The wyvern is moderately wounded.
You feel very sick.
The water moccasin bites you but does no damage.
The wyvern closely misses you. The water moccasin bites you.
The wyvern barely misses you. The water moccasin closely misses you.
You shoot a bolt. The bolt hits the wyvern!!
You kill the wyvern!
Okawaru accepts your kill.
You have got your breath back.
You feel very sick. The water moccasin misses you.
The water moccasin bites you!
You die...

......### ..P. ....# ..
#.#.#.... ....P.....##. #.###.#
.%P...#..... # #.# #.#
.......... .# #.# #.#
##.#.#...##..####.###.# #.
...................%.. .. #.
#.#..S%.##.#####.###.# ... #.
#.##l@...........# #.#
...###.###.##.........)...# #.#
..........).....(.........# #.#
.##....###.##.............###.#
..............................#
...........##.#...........###.#
.#......##.##.#...........# #.#
#......##.##.#...........###.#
#..###.......#...............#


You could see a basilisk (poisoned) and a water moccasin.

Vanquished Creatures
  Pikel (D:7)
  A hornet (D:7)
  Prince Ribbit (D:6)
  A shadow (D:9)
  9 yaks (D:9)
  A steam dragon (D:6)
  3 wyverns (D:9)
  Edmund (D:5)
  2 water moccasins
  3 orc warriors
  An ice beast (D:5)
  An ogre (D:5)
  3 lemures (D:7)
  4 centaurs
  A phantom (D:7)
  3 bullfrogs
  A gnoll sergeant (D:9)
  5 scorpions
  7 killer bees
  An electric eel (D:8)
  A lava snake (D:7)
  5 hounds
  2 jellies
  3 orc priests
  A sleepcap (D:5)
  Natasha (twice) (D:2)
  Ijyb (D:5)
  5 iguanas
  6 orc wizards
  Robin (D:4)
  9 gnolls
  4 adders
  A shadow imp (D:6)
  4 white imps
  4 ufetubi
  4 dart slugs
  25 orcs
  16 endoplasms
  3 giant cockroaches
  10 goblins
  11 hobgoblins
  10 jackals
  4 kobolds
  7 quokkas
  10 ball pythons
  7 bats
  3 frilled lizards (D:1)
  6 rats
215 creatures vanquished.

Notes
Turn   | Place    | Note
-------+----------+-------------------------------------------
     0 | D:1      | qw the Naga Hunter began the quest for the Orb.
     0 | D:1      | Reached XP level 1. HP: 19/19 MP: 1/1
     0 | D:1      | 0 ||| qw: Version: 0.2-a-29-g1fa15c8
     0 | D:1      | 0 ||| qw: Game counter: 5033
     0 | D:1      | 0 ||| qw: Always use a shield: true
     0 | D:1      | 0 ||| qw: God list: Okawaru
     0 | D:1      | 0 ||| qw: Allow faded altars: false
     0 | D:1      | 0 ||| qw: Do Orc after D:15 true
     0 | D:1      | 0 ||| qw: Do second Lair branch before Depths: true
     0 | D:1      | 0 ||| qw: Lair rune preference: random
     0 | D:1      | 0 ||| qw: Plans: Normal
     0 | D:1      | 0 ||| PLANNING D:1-11
    23 | D:1      | 23 ||| INVOKING Spit Poison.
    39 | D:1      | 39 ||| INVOKING Spit Poison.
    55 | D:1      | 55 ||| INVOKING Spit Poison.
    57 | D:1      | Reached skill level 4 in Ranged Weapons
    57 | D:1      | Reached XP level 2. HP: 26/26 MP: 2/2
    59 | D:1      | 59 ||| INVOKING Spit Poison.
    83 | D:1      | 83 ||| INVOKING Spit Poison.
   123 | D:1      | 123 ||| INVOKING Spit Poison.
   225 | D:1      | 225 ||| INVOKING Spit Poison.
   305 | D:1      | 305 ||| INVOKING Spit Poison.
   344 | D:1      | Reached XP level 3. HP: 32/32 MP: 3/3
   365 | D:1      | 365 ||| INVOKING Spit Poison.
   370 | D:1      | 370 ||| INVOKING Spit Poison.
   446 | D:1      | 446 ||| INVOKING Spit Poison.
   452 | D:1      | 452 ||| INVOKING Spit Poison.
   519 | D:1      | 519 ||| UPGRADING to amulet of regeneration.
   524 | D:1      | 524 ||| READING 2 scrolls labelled ATOICL QEAJ.
   525 | D:1      | 525 ||| DROPPING scroll of poison.
   526 | D:1      | 526 ||| DROPPING scroll of butterflies.
   593 | D:2      | 593 ||| INVOKING Spit Poison.
   599 | D:2      | 599 ||| INVOKING Spit Poison.
   613 | D:2      | 613 ||| INVOKING Spit Poison.
   626 | D:2      | 626 ||| INVOKING Spit Poison.
   632 | D:2      | 632 ||| INVOKING Spit Poison.
   645 | D:2      | 645 ||| INVOKING Spit Poison.
   648 | D:2      | Reached skill level 5 in Ranged Weapons
   648 | D:2      | Reached XP level 4. HP: 39/39 MP: 4/4
   654 | D:2      | 654 ||| INVOKING Spit Poison.
   700 | D:2      | 700 ||| INVOKING Spit Poison.
   741 | D:2      | Noticed Natasha
   743 | D:2      | 743 ||| INVOKING Spit Poison.
   748 | D:2      | 748 ||| INVOKING Spit Poison.
   752 | D:2      | HP: 7/40 [Natasha (9)]
   753 | D:2      | 753 ||| INVOKING Spit Poison.
   753 | D:2      | HP: 3/40 [Natasha (5)]
   753 | D:2      | HP: 1/40 [cerulean imp/+1 spear[Natasha] (2)]
   757 | D:2      | Killed Natasha
   758 | D:2      | Reached skill level 3 in Fighting
   765 | D:2      | 765 ||| INVOKING Spit Poison.
   800 | D:2      | 800 ||| INVOKING Spit Poison.
   807 | D:2      | 807 ||| INVOKING Spit Poison.
   808 | D:2      | Reached XP level 5. HP: 49/49 MP: 5/5
   856 | D:2      | 856 ||| INVOKING Spit Poison.
   863 | D:2      | Noticed Natasha
   865 | D:2      | 865 ||| INVOKING Spit Poison.
   872 | D:2      | 872 ||| INVOKING Spit Poison.
   873 | D:2      | Killed Natasha
   877 | D:2      | 877 ||| INVOKING Spit Poison.
   928 | D:2      | 928 ||| INVOKING Spit Poison.
  1031 | D:2      | 1031 ||| INVOKING Spit Poison.
  1094 | D:2      | 1094 ||| INVOKING Spit Poison.
  1179 | D:2      | 1179 ||| INVOKING Spit Poison.
  1189 | D:2      | 1189 ||| INVOKING Spit Poison.
  1227 | D:2      | 1227 ||| INVOKING Spit Poison.
  1234 | D:2      | 1234 ||| INVOKING Spit Poison.
  1241 | D:2      | 1241 ||| INVOKING Spit Poison.
  1285 | D:2      | 1285 ||| INVOKING Spit Poison.
  1293 | D:2      | 1293 ||| UPGRADING to ring of protection from fire.
  1313 | D:2      | 1313 ||| INVOKING Spit Poison.
  1317 | D:2      | 1317 ||| INVOKING Spit Poison.
  1320 | D:2      | 1320 ||| INVOKING Spit Poison.
  1331 | D:3      | 1331 ||| INVOKING Spit Poison.
  1411 | D:3      | 1411 ||| INVOKING Spit Poison.
  1425 | D:3      | 1425 ||| INVOKING Spit Poison.
  1429 | D:3      | Found a snail-covered altar of Cheibriados.
  1520 | D:3      | 1520 ||| INVOKING Spit Poison.
  1524 | D:3      | 1524 ||| INVOKING Spit Poison.
  1554 | D:3      | 1554 ||| INVOKING Spit Poison.
  1560 | D:3      | 1560 ||| INVOKING Spit Poison.
  1570 | D:3      | Found a faded altar of an unknown god.
  1783 | D:3      | 1783 ||| INVOKING Spit Poison.
  1789 | D:3      | 1789 ||| INVOKING Spit Poison.
  1792 | D:3      | Reached skill level 6 in Ranged Weapons
  1884 | D:3      | 1884 ||| INVOKING Spit Poison.
  1915 | D:3      | Reached XP level 6. HP: 56/56 MP: 6/6
  1919 | D:3      | Found a broken altar of Ashenzari.
  2011 | D:3      | 2011 ||| READING scroll labelled HEAMMU BICA.
  2015 | D:3      | 2015 ||| READING scroll labelled XAELEN FAONUUD.
  2016 | D:3      | 2016 ||| READING scroll labelled DEDYRYTACUS.
  2017 | D:3      | 2017 ||| DRINKING 2 glowing sapphire potions.
  2074 | D:4      | 2074 ||| INVOKING Spit Poison.
  2075 | D:4      | 2075 ||| INVOKING Spit Poison.
  2092 | D:4      | Found Vats's Assorted Antiques.
  2100 | D:4      | 2100 ||| BUYING 3 smoky white potions (64 gold).
  2100 | D:4      | Bought 3 smoky white potions for 64 gold pieces
  2100 | D:4      | 2100 ||| BUYING fizzy purple potion (21 gold).
  2100 | D:4      | Bought a fizzy purple potion for 21 gold pieces
  2100 | D:4      | 2100 ||| BUYING inky potion (21 gold).
  2100 | D:4      | Bought an inky potion for 21 gold pieces
  2100 | D:4      | 2100 ||| SHOPLISTING pair of gloves (108 gold, have 67).
  2100 | D:4      | 2100 ||| BUYING red potion (21 gold).
  2100 | D:4      | Bought a red potion for 21 gold pieces
  2141 | D:4      | 2141 ||| INVOKING Spit Poison.
  2206 | D:4      | Found a stormy altar of Qazlal.
  2207 | D:4      | 2207 ||| INVOKING Spit Poison.
  2241 | D:4      | 2241 ||| INVOKING Spit Poison.
  2246 | D:4      | 2246 ||| INVOKING Spit Poison.
  2256 | D:4      | 2256 ||| INVOKING Spit Poison.
  2259 | D:4      | 2259 ||| INVOKING Spit Poison.
  2262 | D:4      | 2262 ||| INVOKING Spit Poison.
  2332 | D:4      | 2332 ||| INVOKING Spit Poison.
  2410 | D:4      | 2410 ||| INVOKING Spit Poison.
  2471 | D:4      | 2471 ||| INVOKING Spit Poison.
  2472 | D:4      | 2472 ||| INVOKING Spit Poison.
  2479 | D:4      | 2479 ||| INVOKING Spit Poison.
  2482 | D:4      | 2482 ||| INVOKING Spit Poison.
  2527 | D:4      | 2527 ||| INVOKING Spit Poison.
  2532 | D:4      | 2532 ||| INVOKING Spit Poison.
  2536 | D:4      | 2536 ||| INVOKING Spit Poison.
  2558 | D:4      | Found Xauqyol's Jewellery Shop.
  2566 | D:4      | 2566 ||| SHOPLISTING +6 ring of dexterity (504 gold, have
                  | 126).
  2566 | D:4      | 2566 ||| SHOPLISTING amulet of faith (560 gold, have 126).
  2579 | D:4      | Found Woli's Weapon Emporium.
  2584 | D:4      | 2584 ||| SHOPLISTING +3 heavy arbalest (301 gold, have
                  | 126).
  2607 | D:4      | 2607 ||| INVOKING Spit Poison.
  2613 | D:4      | 2613 ||| INVOKING Spit Poison.
  2616 | D:4      | Found Ucziaqyu's Antique Weapon Emporium.
  2620 | D:4      | 2620 ||| INVOKING Spit Poison.
  2625 | D:4      | 2625 ||| INVOKING Spit Poison.
  2629 | D:4      | Noticed Robin
  2632 | D:4      | 2632 ||| INVOKING Spit Poison.
  2636 | D:4      | 2636 ||| INVOKING Spit Poison.
  2639 | D:4      | 2639 ||| INVOKING Spit Poison.
  2644 | D:4      | HP: 13/57 [hobgoblin[Robin] (6)]
  2645 | D:4      | 2645 ||| READING scroll of teleportation.
  2646 | D:4      | 2646 ||| INVOKING Spit Poison.
  2646 | D:4      | Killed Robin
  2646 | D:4      | HP: 5/57 [hobgoblin[Robin] (5)]
  2784 | D:4      | 2784 ||| INVOKING Spit Poison.
  2788 | D:4      | 2788 ||| INVOKING Spit Poison.
  2841 | D:4      | 2841 ||| INVOKING Spit Poison.
  2844 | D:4      | 2844 ||| INVOKING Spit Poison.
  2894 | D:4      | 2894 ||| BUYING runed hand crossbow (104 gold).
  2894 | D:4      | Bought a runed hand crossbow for 104 gold pieces
  2894 | D:4      | 2894 ||| INVOKING Spit Poison.
  2895 | D:4      | 2895 ||| UPGRADING to +3 heavy hand crossbow.
  2896 | D:4      | 2896 ||| DROPPING +0 shortbow.
  2906 | D:4      | 2906 ||| UPGRADING to +0 helmet.
  2911 | D:4      | 2911 ||| READING scroll labelled QOYZAC TEIMESU.
  2912 | D:4      | 2912 ||| READING scroll labelled UHESUZ XUUDGH.
  2913 | D:4      | 2913 ||| READING scroll labelled NIUQUSS GONE.
  2914 | D:4      | 2914 ||| DRINKING 2 red potions.
  2915 | D:4      | 2915 ||| DRINKING 2 inky potions.
  2916 | D:4      | 2916 ||| DRINKING 4 smoky white potions.
  2917 | D:4      | 2917 ||| DRINKING 2 fizzy purple potions.
  2918 | D:4      | 2918 ||| DROPPING potion of brilliance.
  2927 | D:4      | 2927 ||| INVOKING Spit Poison.
  2933 | D:5      | Entered Level 5 of the Dungeon
  2947 | D:5      | Noticed a water moccasin
  2951 | D:5      | Killed a water moccasin
  2952 | D:5      | Reached XP level 7. HP: 50/64 MP: 7/7
  3013 | D:5      | 3013 ||| INVOKING Spit Poison.
  3017 | D:5      | 3017 ||| INVOKING Spit Poison.
  3021 | D:5      | 3021 ||| INVOKING Spit Poison.
  3024 | D:5      | Reached skill level 7 in Ranged Weapons
  3024 | D:5      | 3024 ||| INVOKING Spit Poison.
  3026 | D:5      | 3026 ||| INVOKING Spit Poison.
  3072 | D:5      | 3072 ||| INVOKING Spit Poison.
  3101 | D:5      | 3101 ||| INVOKING Spit Poison.
  3127 | D:5      | 3127 ||| INVOKING Spit Poison.
  3230 | D:5      | Noticed Ijyb
  3230 | D:5      | Noticed Edmund
  3232 | D:5      | 3232 ||| INVOKING Spit Poison.
  3236 | D:5      | 3236 ||| INVOKING Spit Poison.
  3237 | D:5      | Killed Edmund
  3238 | D:5      | Reached skill level 8 in Ranged Weapons
  3238 | D:5      | Reached XP level 8. HP: 37/72 MP: 8/8
  3238 | D:5      | Killed Ijyb
  3564 | D:5      | 3564 ||| INVOKING Spit Poison.
  3566 | D:5      | 3566 ||| INVOKING Spit Poison.
  3570 | D:5      | 3570 ||| INVOKING Spit Poison.
  3638 | D:5      | 3638 ||| READING scroll of enchant armour.
  3638 | D:5      | 3638 ||| ENCHANTING +0 helmet.
  3720 | D:5      | 3720 ||| UPGRADING to +1 robe of willpower.
  3730 | D:5      | 3730 ||| DROPPING +0 leather armour.
  3731 | D:5      | 3731 ||| READING scroll labelled ZUNESA POIJARI.
  3732 | D:5      | 3732 ||| DRINKING 3 fuming red potions.
  3733 | D:5      | 3733 ||| READING 3 scrolls of identify.
  3733 | D:5      | 3733 ||| IDENTIFYING fizzy clear potion
  3734 | D:5      | 3734 ||| DROPPING potion of attraction.
  3735 | D:5      | 3735 ||| DROPPING 2 potions of enlightenment.
  3742 | D:6      | Noticed Prince Ribbit
  3743 | D:6      | 3743 ||| INVOKING Spit Poison.
  3745 | D:6      | 3745 ||| STAIRDANCE
  3753 | D:6      | 3753 ||| INVOKING Spit Poison.
  3756 | D:6      | 3756 ||| INVOKING Spit Poison.
  3757 | D:6      | Killed Prince Ribbit
  3761 | D:6      | 3761 ||| INVOKING Spit Poison.
  3763 | D:6      | Reached skill level 9 in Ranged Weapons
  3787 | D:6      | 3787 ||| INVOKING Spit Poison.
  3798 | D:6      | 3798 ||| INVOKING Spit Poison.
  3811 | D:6      | Found Puiwn's Distillery.
  3816 | D:6      | Reached skill level 3 in Dodging
  3821 | D:6      | 3821 ||| BUYING 2 potions of curing (60 gold).
  3821 | D:6      | Bought 2 potions of curing for 60 gold pieces
  3821 | D:6      | 3821 ||| SHOPLISTING 2 potions of heal wounds (100 gold,
                  | have 40).
  3821 | D:6      | 3821 ||| SHOPLISTING potion of haste (100 gold, have 40).
  3821 | D:6      | 3821 ||| SHOPLISTING potion of heal wounds (50 gold, have
                  | 40).
  3904 | D:6      | 3904 ||| INVOKING Spit Poison.
  3906 | D:6      | Reached skill level 6 in Fighting
  3906 | D:6      | Reached XP level 9. HP: 82/82 MP: 9/9
  3907 | D:6      | 3907 ||| INVOKING Spit Poison.
  3953 | D:6      | 3953 ||| INVOKING Spit Poison.
  4005 | D:6      | Found a hide-covered altar of Uskayaw.
  4160 | D:6      | Found a sacrificial altar of Ru.
  4161 | D:6      | 4161 ||| READING 3 scrolls of identify.
  4161 | D:6      | 4161 ||| IDENTIFYING purple potion
  4162 | D:6      | 4162 ||| DROPPING potion of degeneration.
  4210 | D:7      | Identified the +6 arbalest "Awnikhle" {drain, rPois rCorr
                  | Dex-5 Stlth+}
  4212 | D:7      | 4212 ||| DROPPING +6 arbalest "Awnikhle" {drain, rPois
                  | rCorr Dex-5 Stlth+}.
  4265 | D:7      | 4265 ||| INVOKING Spit Poison.
  4267 | D:7      | 4267 ||| INVOKING Spit Poison.
  4269 | D:7      | 4269 ||| INVOKING Spit Poison.
  4273 | D:7      | 4273 ||| INVOKING Spit Poison.
  4321 | D:7      | 4321 ||| INVOKING Spit Poison.
  4323 | D:7      | 4323 ||| FLEEEEING.
  4353 | D:7      | 4353 ||| INVOKING Spit Poison.
  4374 | D:7      | 4374 ||| INVOKING Spit Poison.
  4376 | D:7      | 4376 ||| INVOKING Spit Poison.
  4423 | D:7      | Noticed Pikel
  4424 | D:7      | 4424 ||| INVOKING Spit Poison.
  4428 | D:7      | 4428 ||| INVOKING Spit Poison.
  4431 | D:7      | 4431 ||| INVOKING Spit Poison.
  4435 | D:7      | 4435 ||| INVOKING Spit Poison.
  4436 | D:7      | HP: 18/82 [Pikel/+1 whip of flaming (4)]
  4437 | D:7      | 4437 ||| DRINKING 2 potions of heal wounds.
  4439 | D:7      | 4439 ||| INVOKING Spit Poison.
  4443 | D:7      | 4443 ||| INVOKING Spit Poison.
  4445 | D:7      | 4445 ||| INVOKING Spit Poison.
  4445 | D:7      | Killed Pikel
  4446 | D:7      | Reached skill level 10 in Ranged Weapons
  4564 | D:7      | Found a staircase to the Ecumenical Temple.
  4565 | D:7      | 4565 ||| PLANNING TEMPLE
  4574 | D:7      | Noticed a hornet
  4575 | D:7      | 4575 ||| INVOKING Spit Poison.
  4577 | D:7      | Paralysed by a hornet for 2 turns
  4579 | D:7      | 4579 ||| INVOKING Spit Poison.
  4580 | D:7      | Killed a hornet
  4614 | D:7      | 4614 ||| READING scroll labelled ARYISI HEIKU.
  4625 | Temple   | Entered the Ecumenical Temple
  4674 | Temple   | 4674 ||| PLANNING OKAWARU WORSHIP
  4782 | Temple   | Became a worshipper of Warmaster Okawaru
  4783 | Temple   | 4783 ||| PLANNING D:1-11
  4830 | D:7      | 4830 ||| INVOKING Spit Poison.
  4833 | D:7      | 4833 ||| INVOKING Spit Poison.
  4851 | D:7      | 4851 ||| INVOKING Spit Poison.
  4868 | D:7      | Found a radiant altar of Vehumet.
  4956 | D:7      | 4956 ||| INVOKING Spit Poison.
  4991 | D:7      | Found a hazy altar of Hepliaklqana.
  5085 | D:7      | Found a shimmering blue altar of Sif Muna.
  5217 | D:7      | 5217 ||| READING scroll labelled TOSEXTE JAXYACZA.
  5370 | D:8      | 5370 ||| READING scroll of enchant armour.
  5370 | D:8      | 5370 ||| ENCHANTING +1 helmet.
  5507 | D:8      | Found the +0 mask of the Dragon {Will+ Slay+3 SInv}
  5650 | D:8      | Found a runed translucent door.
  5791 | D:8      | 5791 ||| INVOKING Spit Poison.
  5809 | D:8      | Reached skill level 11 in Ranged Weapons
  5858 | D:8      | 5858 ||| INVOKING Spit Poison.
  5861 | D:8      | 5861 ||| INVOKING Spit Poison.
  5863 | D:8      | Reached XP level 10. HP: 94/94 MP: 10/10
  5892 | D:8      | 5892 ||| INVOKING Spit Poison.
  6101 | D:8      | Noticed qw's ghost (novice GrFi)
  6118 | D:8      | 6118 ||| UPGRADING to +0 pair of gloves.
  6123 | D:8      | 6123 ||| UPGRADING to +0 mask of the Dragon {Will+ Slay+3
                  | SInv}.
  6133 | D:8      | 6133 ||| READING scroll labelled TOIZUT XOFORO.
  6134 | D:8      | 6134 ||| READING 2 scrolls labelled QEUTIOTAGO.
  6235 | D:8      | 6235 ||| DROPPING scroll of silence.
  6298 | D:9      | Reached skill level 1 in Armour
  6325 | D:9      | Found a burning altar of Makhleb.
  6330 | D:9      | 6330 ||| INVOKING Spit Poison.
  6334 | D:9      | 6334 ||| Stepping ~*~*~tactically~*~*~ (outnumbered).
  6336 | D:9      | 6336 ||| Stepping ~*~*~tactically~*~*~ (outnumbered).
  6337 | D:9      | 6337 ||| INVOKING Spit Poison.
  6342 | D:9      | 6342 ||| INVOKING Spit Poison.
  6346 | D:9      | 6346 ||| INVOKING Spit Poison.
  6348 | D:9      | 6348 ||| INVOKING Spit Poison.
  6352 | D:9      | 6352 ||| INVOKING Spit Poison.
  6381 | D:9      | 6381 ||| INVOKING Spit Poison.
  6382 | D:9      | Reached * piety under Okawaru
  6388 | D:9      | 6388 ||| INVOKING Spit Poison.
  6390 | D:9      | 6390 ||| INVOKING Spit Poison.
  6393 | D:9      | 6393 ||| INVOKING Spit Poison.
  6394 | D:9      | Reached skill level 1 in Invocations
  6397 | D:9      | 6397 ||| INVOKING Spit Poison.
  6398 | D:9      | 6398 ||| INVOKING Heroism.
  6400 | D:9      | HP: 23/96 [gnoll/+0 spear[a gnoll sergeant] (4)]
  6401 | D:9      | 6401 ||| READING scroll of teleportation.
  6402 | D:9      | 6402 ||| DRINKING potion of heal wounds.
  6403 | D:9      | 6403 ||| INVOKING Spit Poison.
  6414 | D:9      | 6414 ||| INVOKING Heroism.
  6419 | D:9      | 6419 ||| INVOKING Spit Poison.
  6425 | D:9      | 6425 ||| INVOKING Heroism.
  6426 | D:9      | 6426 ||| INVOKING Spit Poison.
  6438 | D:9      | 6438 ||| INVOKING Spit Poison.
  6442 | D:9      | 6442 ||| INVOKING Spit Poison.
  6450 | D:9      | 6450 ||| INVOKING Spit Poison.
  6568 | D:9      | 6568 ||| INVOKING Spit Poison.
  6570 | D:9      | 6570 ||| INVOKING Spit Poison.
  6574 | D:9      | 6574 ||| INVOKING Spit Poison.
  6578 | D:9      | 6578 ||| INVOKING Spit Poison.
  6580 | D:9      | 6580 ||| INVOKING Spit Poison.
  6581 | D:9      | 6581 ||| INVOKING Heroism.
  6584 | D:9      | 6584 ||| INVOKING Spit Poison.
  6588 | D:9      | Reached skill level 3 in Invocations
  6588 | D:9      | 6588 ||| INVOKING Spit Poison.
  6593 | D:9      | 6593 ||| INVOKING Spit Poison.
  6595 | D:9      | 6595 ||| INVOKING Heroism.
  6732 | D:9      | 6732 ||| INVOKING Spit Poison.
  6735 | D:9      | 6735 ||| INVOKING Spit Poison.
  6737 | D:9      | 6737 ||| INVOKING Spit Poison.
  6739 | D:9      | 6739 ||| INVOKING Heroism.
  6746 | D:9      | HP: 22/96 [water moccasin (8)]
  6747 | D:9      | 6747 ||| INVOKING Spit Poison.
  6748 | D:9      | HP: 8/96 [water moccasin (3)]
  6749 | D:9      | Slain by a water moccasin

Levels and vault maps discovered:
D:1:      mainiacjoe_arrival_reflecting_pool, layout_rooms,
          kennysheep_nondescript
D:2:      layout_loops_ring, kennysheep_pointless_box, chequers_jeans,
          grunt_decor_arrowhead, uniq_natasha
D:3:      layout_loops_cross, mainiacjoe_overflow_chevrons,
          lemuel_coloured_pillars_altar, dreamdust_ecumenical_altar_grove
D:4:      layout_basic, nicolae_qazlal_scattered_showers, serial_shops,
          nicolae_shop_gibbet_a_chance, shop, shop, nicolae_shop_hallway_stairs,
          minivault_11, uniq_robin
D:5:      layout_loops_ring, minmay_small_thing, uniq_edmund, uniq_ijyb
D:6:      layout_cave_pools, mainiacjoe_overflow_big_doors, serial_shops,
          nicolae_shop_industrial_runoff, chequers_serial_rivers_small_3,
          uniq_prince_ribbit1
D:7:      layout_loops_cross, mainiacjoe_overflow_catwalk,
          nicolae_sif_muna_little_library, nicolae_vehumet_radiance,
          minmay_temple_entry_slanted, grunt_decor_junction,
          kennysheep_generic_room_11, uniq_pikel
D:8:      layout_basic, ebering_ghost_reflecting_pool,
          nicolae_concentric_dashed_squares_mild, water_maze_lemuel
D:9:      layout_basic, kennysheep_mini_moat, minmay_lair_entry_grove,
          minmay_misc_feat_columns, lemuel_flamethrower_1
Temple:   hellmonk_temple_forest_ring

Skill      XL: |  1  2  3  4  5  6  7  8  9 10 |
---------------+-------------------------------+-----
Ranged Weapons | 4 5 6 8 9 11 | 11.8
Fighting       | 3 4 6 7 8 |  8.1
Dodging        | 2 3 4 |  4.0
Armour         | 1 |  1.1
Invocations    | 4 |  4.0
Stealth        | |  1.5

Action                     |  1- 3 |  4- 6 |  7- 9 | 10-12 || total
---------------------------+-------+-------+-------+-------++-------
   Fire: Shortbow          |    64 |   187 |       |       ||   251
         Hand crossbow     |       |     5 |   114 |    72 ||   191
 Invoke: Heroism           |       |       |       |     6 ||     6
Ability: Spit Poison       |    18 |    64 |    46 |    30 ||   158
    Use: Scroll            |     1 |     7 |     7 |     3 ||    18
         Potion            |       |     5 |     2 |     1 ||     8
 Armour: Leather armour    |     1 |    19 |    16 |       ||    36
         Robe              |       |       |    18 |    25 ||    43
  Dodge: Dodged            |     8 |    50 |    75 |    96 ||   229

Table legend:
 A = Non-vault XP
 B = Vault XP
 C = Vault XP percentage of total XP
 D = Non-vault monster count
 E = Vault monster count
 F = Vault count percentage of total count
                 A         B        C        D         E       F
            +---------+---------+-------+---------+---------+-------
      Total |    6189 |    2228 |  26.5 |     193 |      19 |   9.0
            +---------+---------+-------+---------+---------+-------
        D:1 |      46 |       0 |   0.0 |      25 |       0 |   0.0
        D:2 |     165 |      37 |  18.3 |      38 |       1 |   2.6
        D:3 |      71 |       0 |   0.0 |      19 |       0 |   0.0
        D:4 |     156 |      27 |  14.8 |      24 |       8 |  25.0
        D:5 |     882 |     205 |  18.9 |      18 |       2 |  10.0
        D:6 |     573 |     251 |  30.5 |      11 |       1 |   8.3
        D:7 |    1025 |     731 |  41.6 |      13 |       2 |  13.3
        D:8 |     694 |       0 |   0.0 |      14 |       0 |   0.0
        D:9 |    2577 |     977 |  27.5 |      31 |       5 |  13.9
            +---------+---------+-------+---------+---------+-------
